Map: 暮色之塔

Players

Punk

  • Race: Zerg Zerg
  • League: Grandmaster

Kotori

  • Race: Zerg Zerg
  • League: Master

高冷小傲娇

  • Race: Terran Terran

MagicXU

  • Race: Terran Terran
  • League: Master

VOD

Have the link to the VOD?

Description

Time

  • Played on: Feb. 17, 2016, 12:59 a.m.
  • Length: 6:09
Show
View Real Time Build Order
Export as new Build Order

Punk Zerg 

Build Orders: Hatch First, Roach Nydus 

Get SALT Encoding   

  12  0:01  Drone  
  13  0:13  Overlord  
  13  0:17  Drone  
  14  0:31  Drone x2  
  16  0:36  Drone  
  17  0:53  Hatchery  
  17  0:57  Drone  
  17  0:59  Drone  
  18  1:14  Spawning Pool  
  18  1:16  Extractor  
  18  1:17  Drone  
  17  1:21  Drone  
  18  1:29  Drone  
  19  1:40  Overlord  
  19  2:01  Zergling x2, Queen  
  21  2:02  Zergling x2  
  21  2:07  Queen  
  25  2:12  Drone  
  25  2:14  Drone  
  27  2:18  Drone  
  28  2:23  Drone  
  28  2:29  Drone  
  30  2:33  Drone  
  31  2:40  Lair  
  31  2:42  Queen  
  33  2:45  Overlord  
  33  2:47  Drone  
  34  2:52  Drone  
  35  2:58  Drone  
  35  2:59  Roach Warren  
  35  3:00  Drone  
  36  3:06  Extractor, Drone  
  36  3:07  Extractor  
  36  3:11  Drone x3  
  38  3:18  Queen  
  40  3:22  Drone  
  40  3:25  Overlord  
  41  3:28  Drone  
  41  3:31  Drone  
  41  3:32  Drone  
  44  3:37  Overlord  
  44  3:45  Nydus Network  
  43  3:49  Roach  
  43  3:52  Drone  
  43  3:55  Roach  
  48  4:00  Queen  
  50  4:04  Overlord  
  50  4:07  Roach  
  52  4:11  Roach  
  52  4:14  Roach  
  52  4:16  Roach  
  58  4:20  Roach  
  60  4:24  Nydus Canal  
  60  4:28  Roach  
  62  4:35  Roach x2  
  62  4:37  Overlord  
  66  4:51  Overlord  
  62  5:01  Roach x3  
  58  5:10  Roach x3  
  58  5:11  Roach x2  
  58  5:13  Roach x2  
  68  5:21  Roach  
  62  5:29  Roach x2  
  62  5:36  Roach  
  66  5:48  Ravager x2  
  66  5:49  Ravager x2  
Show
View Real Time Build Order
Export as new Build Order

Kotori Zerg 

Build Orders:  

Get SALT Encoding   

  12  0:01  SCV  
  13  0:14  SCV  
  14  0:18  Supply Depot  
  14  0:26  SCV  
  15  0:40  SCV  
  16  0:42  Barracks  
  16  0:46  Refinery  
  16  0:52  SCV  
  17  1:04  SCV  
  18  1:16  SCV  
  19  1:30  Orbital Command  
  19  1:32  Barracks Reactor  
  19  1:44  Command Center  
  19  1:56  SCV  
  19  1:57  Supply Depot  
  20  2:08  Marine, SCV  
  21  2:10  Marine, Factory  
  23  2:20  SCV  
  24  2:29  Marine  
  26  2:32  SCV  
  26  2:34  Marine  
  27  2:44  SCV  
  27  2:49  Refinery  
  28  2:57  Starport, Orbital Command  
  28  3:01  Hellion  
  28  3:02  Hellion  
  28  3:04  Marine  
  33  3:07  SCV  
  34  3:23  Hellion x2  
  38  3:28  Marine  
  38  3:34  Medivac  
  41  3:37  Armory  
  41  3:42  Supply Depot  
  41  3:44  Hellion x2  
  41  3:45  Marine  
  41  3:46  Liberator  
  46  4:04  SCV x2  
  46  4:06  Hellion  
  53  4:11  Barracks Tech Lab  
  53  4:15  Supply Depot  
  53  4:28  Command Center  
  53  4:37  Hellion x2  
  52  4:56  Orbital Command  
  37  5:14  Supply Depot  
  37  5:15  Supply Depot  
  37  5:31  SCV  
Show
View Real Time Build Order
Export as new Build Order

高冷小傲娇 Terran 

Build Orders:  

Get SALT Encoding   

Show
View Real Time Build Order
Export as new Build Order

MagicXU Terran 

Build Orders:  

Get SALT Encoding   

Tags
 
Add a new tag
Caveats
  • Supply blocks, unpowered buildings, or Contaminate may cause inaccurate times.
  • Supply counts are checked every 10 seconds.